 Dungeon Crawl Stone Soup version 0.30-a0-414-gcb316572d5 (webtiles) character file.

Game seed: 14173112337969798622

739 McMuffin the Chiller (level 7, -1/51 HPs)
             Began as a Merfolk Ice Elementalist on Dec 7, 2022.
             Was an Initiate of Sif Muna.
             Succumbed to an orc warrior's poison
             ... on level 6 of the Dungeon.
             The game lasted 00:35:54 (2473 turns).

McMuffin the Chiller (Merfolk Ice Elementalist)     Turns: 2473, Time: 00:35:54

Health: -1/51      AC: 11    Str:  9    XL:     7   Next: 75%
Magic:  12/13      EV: 15    Int: 16    God:    Sif Muna [......]
Gold:   167        SH:  0    Dex: 26    Spells: 6/14 levels left

rFire   . . .      SeeInvis .    k - +1 long sword (protect)
rCold   . . .      Faith    .    (no shield)
rNeg    . . .      Spirit   .    o - +1 robe "Epnin" {Regen+ Slay+3}
rPois   .          Reflect  .    (no helmet)
rElec   .          Harm     .    j - +0 cloak
rCorr   .          Rampage  .    (no gloves)
Will    .....                    (no boots)
Stlth   +++.......               (no amulet)
HPRegen 1.08/turn                e - +6 ring of dexterity
MPRegen 0.13/turn                x - +6 ring of dexterity

@: lethally poisoned (-1 -> -16), under a protective aura
A: (nimble swimmer 2), mertail
a: Renounce Religion


You were on level 6 of the Dungeon.
You worshipped Sif Muna.
Sif Muna was noncommittal.
You visited 2 branches of the dungeon, and saw 7 of its levels.
You also visited: Sewer.

You collected 167 gold pieces.

Inventory:

Hand Weapons
 f - a +0 whip
 k - a +1 long sword of protection (weapon)
Missiles
 m - 6 poisoned darts
 u - 3 datura-tipped darts
Armour
 a - a +0 robe
 j - a +0 cloak (worn)
 l - a +0 robe
 o - the +1 robe "Epnin" (worn) {Regen+ Slay+3}
   (You found it on level 4 of the Dungeon)

   Slay:      It affects your accuracy & damage with ranged weapons and melee
   (+3).
   Regen:     It increases your rate of health regeneration.
 t - a scarf of shadows
Jewellery
 e - a +6 ring of dexterity (left hand)
 x - a +6 ring of dexterity (right hand)
Wands
 p - a wand of polymorph (12)
 s - a wand of flame (18)
 w - a wand of digging (7)
Scrolls
 g - a scroll of magic mapping {unknown}
 h - a scroll of vulnerability {unknown}
 i - 2 scrolls of immolation {unknown}
 n - 2 scrolls of fear {unknown}
 q - a scroll of enchant weapon {unknown}
 y - a scroll of silence {unknown}
Potions
 b - 4 potions of magic
 c - 2 potions of flight {unknown}
 d - 2 potions of curing {unknown}
 r - a potion of heal wounds {unknown}
 v - a potion of lignification {unknown}


   Skills:
 + Level 2.7 Fighting
 + Level 4.6 Long Blades
 + Level 4.3 Dodging
 + Level 2.7 Stealth
 + Level 0.2 Unarmed Combat
 + Level 4.0 Spellcasting
 + Level 6.5 Ice Magic


You had 6 spell levels left.
You knew the following spells:

 Your Spells              Type           Power      Damage    Failure   Level
a - Freeze                Ice            96%        1d10      1%          1
b - Ozocubu's Armour      Ice            24%        N/A       3%          3
c - Summon Ice Beast      Ice/Summ       13%        N/A       41%         4

Your spell library contained the following spells:

 Spells                   Type           Power      Damage    Failure   Level
 Frozen Ramparts          Ice            48%        1d8       3%          3
 Cigotuvi's Dreadful Rot  Necr/Pois/Air  6%         N/A       26%         2
 Poisonous Vapours        Pois/Air       6%         N/A       26%         2
 Mephitic Cloud           Conj/Pois/Air  3%         N/A       45%         3


Dungeon Overview and Level Annotations

Branches:
Dungeon (6/15)             Temple (1/1) D:5           Sewer (visited)

Altars:
Ashenzari
Dithmenos
Fedhas
Gozag
Hepliaklqana
Kikubaaqudgha
Makhleb
Nemelex Xobeh
Okawaru
Qazlal
Ru
Sif Muna
Trog
Uskayaw
Wu Jian
Yredelemnul
Zin
The Shining One

Shops:
D:2 !


Innate Abilities, Weirdness & Mutations

((You are very nimble when in or above water. (Stealth+, EV+, Speed+++)))
Your lower body shifts to a powerful aquatic tail in water.


Message History

There is a stone staircase leading up here.
The orc warrior closely misses you.
Aiming: Freeze (safe; 1% risk of failure)
Press: ? - help, Q - select action, (/) - cycle Shift-Dir - straight line, f - you
Okay, then.
The orc warrior closely misses you. The orc priest hits you with a +0 club.
You hit the orc priest.
Your weapon exudes an aura of protection.
The orc priest is moderately wounded.
The orc warrior hits you with a +1 glaive of venom!
You are poisoned.
The orc priest hits you with a +0 club. The orc wizard barely misses you.
Aiming: Freeze (safe; 1% risk of failure)
Press: ? - help, Q - select action, (/) - cycle Shift-Dir - straight line, f - orc wizard
Aim: an orc wizard, wielding a +0 dagger and wearing a +0 robe You freeze the orc wizard.
The orc wizard is lightly wounded.
You feel very sick.
The orc warrior hits you with a +1 glaive of venom!
You are more poisoned.
The orc priest looks braver for a moment.
The orc wizard closely misses you.
You hit the orc wizard.
The orc wizard is heavily wounded.
You feel very sick.
The orc warrior hits you with a +1 glaive of venom!
* * * LOW HITPOINT WARNING * * *
You are more poisoned.
The orc priest closely misses you. The orc barely misses you.
The orc wizard points at you and mumbles some strange words.
The magic dart hits you but does no damage.
* * * LOW HITPOINT WARNING * * *
You feel extremely sick. The orc warrior closely misses you.
The orc closely misses you.
The orc wizard hits you but does no damage.
The orc priest attacks as you move away!
The orc priest barely misses you.
The orc wizard attacks as you move away!
The orc wizard hits you but does no damage.
You die...

...##.......##
...#.........#
...........#
#.........#
...#$...##
##.#.....##
#...ooo...#.#
#@.o.......
#..###.....
......# ###
..#...#.#
##..#.# ......
...##.## #...
..


You could see an orc warrior, an orc priest, an orc wizard and an orc.

Vanquished Creatures
  Pikel (D:4)
  A water moccasin (Sewer)
  4 lemures (D:4)
  A scorpion (D:5)
  4 hounds
  A shadow imp (D:5)
  A white imp (D:5)
  3 worms
  3 endoplasms
  2 giant cockroaches
  4 goblins
  2 hobgoblins
  2 jackals (Sewer)
  5 kobolds
  2 quokkas
  4 ball pythons
  4 bats
  3 frilled lizards
  2 rats
49 creatures vanquished.

Notes
Turn   | Place    | Note
-------+----------+-------------------------------------------
     0 | D:1      | McMuffin the Merfolk Ice Elementalist began the quest for
                  | the Orb.
     0 | D:1      | Reached XP level 1. HP: 13/13 MP: 3/3
   239 | D:1      | Reached XP level 2. HP: 19/19 MP: 3/5
   483 | D:2      | Found a hazy altar of Hepliaklqana.
   510 | D:2      | Found Noodehu's Distillery.
   704 | D:3      | Reached skill level 5 in Ice Magic
   815 | D:3      | Reached XP level 3. HP: 23/24 MP: 0/6
   876 | D:4      | Found a glowing drain.
   966 | D:3      | HP: 1/24 [worm (4)]
  1007 | D:3      | Learned a level 3 spell: Ozocubu's Armour
  1031 | D:4      | Identified the +1 robe "Epnin" {Regen+ Slay+3}
  1055 | Sewer    | Entered a sewer
  1124 | Sewer    | Noticed a water moccasin
  1134 | Sewer    | Killed a water moccasin
  1135 | Sewer    | Reached skill level 1 in Fighting
  1135 | Sewer    | Reached skill level 1 in Long Blades
  1135 | Sewer    | Reached XP level 4. HP: 23/32 MP: 0/8
  1135 | Sewer    | Reached XP level 5. HP: 27/37 MP: 0/9
  1239 | D:4      | Noticed a lemure
  1240 | D:4      | Noticed a lemure
  1240 | D:4      | Noticed Pikel
  1255 | D:4      | Killed a lemure
  1320 | D:4      | Found a stormy altar of Qazlal.
  1323 | D:4      | Noticed a lemure
  1324 | D:4      | Noticed a lemure
  1346 | D:4      | Killed a lemure
  1406 | D:4      | Reached XP level 6. HP: 43/43 MP: 10/10
  1695 | D:4      | Killed Pikel
  1696 | D:4      | Reached skill level 6 in Ice Magic
  1696 | D:4      | Reached XP level 7. HP: 44/51 MP: 2/12
  1751 | D:5      | Entered Level 5 of the Dungeon
  1781 | D:5      | Learned a level 4 spell: Summon Ice Beast
  1923 | D:5      | Found a staircase to the Ecumenical Temple.
  1934 | Temple   | Entered the Ecumenical Temple
  2304 | Temple   | Became a worshipper of Sif Muna the Loreminder
  2473 | D:6      | Succumbed to an orc warrior's poison

Illustrated notes

Levels and vault maps discovered:
D:1:      lightli_arrival_flooded_house, layout_rooms, serial_co_window_serial,
          co_window_paths_a, co_window_corner_a, co_window_paths_b,
          co_window_corner_a, co_window_paths_a, co_window_cross_1,
          co_window_corner_a, co_window_paths_a, co_window_of_opportunity_a,
          co_window_paths_c, co_window_broadway_b, co_window_broadway_b,
          co_window_corner_ca, co_window_of_opportunity_c,
          co_window_unsneaky_path_d, glass_columns_c, glass_columns_b,
          glass_columns_b, hex_intersection, amcnicky_mini_pool_small
D:2:      layout_loops_corners, basic_altar, serial_shops, shop
D:3:      layout_basic, uniq_terence, uniq_robin
D:4:      layout_basic, nicolae_qazlal_scattered_showers, portal_sewer_entry_a,
          uniq_pikel
D:5:      layout_cave_pools, old_standard_altar,
          minmay_temple_entry_purple_smoke
D:6:      layout_cave_pools, kb_lookout_dungeons_type, chequers_mini_garden,
          hangedman_decor_points
Temple:   minmay_crystal_spiral_temple

Skill      XL: |  1  2  3  4  5  6  7 |
---------------+----------------------+-----
Ice Magic      | 5 6 |  6.5
Fighting       | 1 2 |  2.7
Long Blades    | 1 2 4 |  4.6
Dodging        | 3 4 |  4.3
Spellcasting   | 3 4 |  4.0
Stealth        | |  2.7
Unarmed Combat | |  0.2

Action                   |  1- 3 |  4- 6 |  7- 9 || total
-------------------------+-------+-------+-------++-------
Melee: Unarmed           |    17 |       |       ||    17
       Long sword        |    29 |    44 |    16 ||    89
       Tailslap          |     1 |       |       ||     1
 Cast: Freeze            |    37 |    18 |     2 ||    57
       Ozocubu's Armour  |     2 |     4 |       ||     6
  Use: Potion            |     1 |     1 |       ||     2
       Scroll            |       |     1 |       ||     1
 Stab: Sleeping          |     1 |       |       ||     1
Armor: Robe              |    34 |    31 |     6 ||    71
Dodge: Dodged            |    59 |    45 |    22 ||   126

Table legend: (Time is in decaauts)
 A = Elapsed time spent in this place.
 B = Non-inter-level travel time spent in this place.
 C = Inter-level travel time spent in this place.
 D = Time resting spent in this place.
 E = Time spent auto-exploring this place.
 F = Levels seen in this place.
 G = Mean time per level.
                   A        B        C        D        E       F      G
               +--------+--------+--------+--------+--------+-----+--------+
         Total |   2480 |   2368 |    112 |    160 |      0 |   8 |  310.0 |
       Dungeon |   1885 |   1878 |      7 |    160 |      0 |   6 |  314.2 |
        Temple |    466 |    361 |    105 |      0 |      0 |   1 |  466.0 |
         Sewer |    128 |    128 |      0 |      0 |      0 |   1 |  128.0 |
               +--------+--------+--------+--------+--------+-----+--------+

Top non-repeatable levels by time:
     D:4: 620 daAuts
  Temple: 466 daAuts
     D:2: 360 daAuts
     D:1: 336 daAuts
     D:3: 310 daAuts
     D:5: 250 daAuts
   Sewer: 128 daAuts
     D:6: 7 daAuts
